Map: Hard Lead LE

Players

Dark

  • Race: Zerg Zerg
  • Spawn Location: 11:00

LiquidClem (Clem) - Winner!

  • Race: Terran Terran
  • League: Master
  • Spawn Location: 5:00

VOD

Have the link to the VOD?

Description

Time

  • Played on: Dec. 11, 2023, 10:24 a.m.
  • Length: 6:25
Show
View Real Time Build Order
Export as new Build Order

Dark Zerg 

Build Orders: Hatch First 

Get SALT Encoding   

  12  0:00  Drone  
  13  0:12  Overlord  
  13  0:17  Drone  
  14  0:31  Drone x2  
  16  0:48  Hatchery  
  15  0:51  Drone  
  15  0:54  Drone  
  17  0:57  Drone  
  18  1:09  Extractor  
  17  1:13  Spawning Pool  
  17  1:15  Drone  
  17  1:18  Drone  
  18  1:30  Drone  
  19  1:39  Drone  
  20  1:50  Drone  
  21  2:00  Queen x2  
  25  2:01  Zergling x4  
  27  2:10  Metabolic Boost  
  27  2:13  Overlord  
  27  2:15  Drone  
  28  2:28  Hatchery  
  27  2:33  Drone x2  
  27  2:36  Drone  
  30  2:41  Drone  
  31  2:44  Queen  
  31  2:50  Overlord  
  33  2:53  Drone  
  33  2:54  Drone  
  35  3:00  Drone  
  36  3:10  Drone  
  36  3:11  Drone x3, Queen  
  42  3:15  Overlord  
  42  3:17  Drone  
  42  3:18  Drone  
  44  3:32  Queen  
  46  3:34  Drone  
  46  3:35  Drone x3  
  46  3:41  Queen  
  52  3:44  Zergling x6  
  52  3:47  Drone x3  
  58  3:51  Overlord  
  58  3:55  Overlord  
  57  3:57  Overlord  
  57  4:03  Overlord  
  57  4:05  Overlord  
  57  4:06  Drone  
  58  4:10  Zergling x6  
  58  4:15  Spore Crawler  
  59  4:19  Spore Crawler, Queen  
  59  4:21  Zergling x2  
  61  4:25  Drone x3  
  61  4:28  Drone x2  
  61  4:31  Drone x2  
  68  4:36  Zergling x4  
  68  4:37  Zergling x2  
  71  4:40  Lair  
  71  4:42  Extractor  
  71  4:43  Drone  
  71  4:45  Drone  
  71  4:46  Extractor  
  71  4:49  Drone x2, Baneling Nest  
  71  4:50  Drone  
  72  4:53  Drone x2  
  72  4:57  Drone  
  72  4:58  Drone  
  72  4:59  Drone  
  77  5:03  Drone  
  78  5:09  Drone  
  78  5:10  Drone x3  
  82  5:16  Zergling x2, Evolution Chamber x2, Baneling Nest  
  82  5:17  Zergling x2  
  82  5:20  Drone  
  82  5:21  Drone x2  
  82  5:25  Zergling x4  
  86  5:29  Extractor  
  86  5:30  Drone x5  
  86  5:32  Drone x2  
  86  5:33  Extractor  
  86  5:35  Drone x2  
  93  5:42  Zergling x6  
  96  5:46  Baneling x3  
  96  5:49  Baneling x2  
  88  5:55  Zergling x6  
  85  6:01  Zergling x8  
  87  6:06  Zergling x4  
  86  6:15  Roach Warren  
Show
View Real Time Build Order
Export as new Build Order

LiquidClem Terran - Winner!

Build Orders: 2 Factory, Hellion Opening, Reaper Expand 

Get SALT Encoding   

  12  0:00  SCV  
  13  0:12  SCV  
  14  0:17  Supply Depot  
  14  0:25  SCV  
  15  0:38  SCV  
  15  0:40  Barracks  
  16  0:44  Refinery  
  16  0:50  SCV  
  17  1:02  SCV  
  18  1:15  SCV  
  19  1:27  Orbital Command, Reaper  
  20  1:38  Command Center  
  20  1:45  Supply Depot  
  20  1:53  SCV  
  21  1:59  Marine  
  22  2:05  SCV  
  23  2:09  Factory  
  23  2:12  Refinery  
  23  2:17  SCV  
  23  2:21  Barracks Reactor  
  25  2:30  SCV  
  25  2:42  SCV  
  26  2:49  Orbital Command  
  26  2:50  Factory  
  26  2:54  SCV  
  27  3:01  Hellion x2  
  31  3:06  Supply Depot, SCV  
  31  3:12  Barracks Tech Lab  
  32  3:15  SCV  
  32  3:18  SCV  
  34  3:24  Hellion  
  34  3:25  Hellion  
  38  3:27  SCV  
  39  3:37  SCV  
  39  3:40  Hurricane Engines, Cyclone  
  42  3:42  Marine  
  42  3:44  SCV  
  42  3:48  Supply Depot, Hellion x2  
  48  3:53  SCV  
  49  3:56  SCV  
  50  4:05  SCV  
  50  4:08  SCV  
  52  4:11  Cyclone  
  52  4:12  Cyclone  
  52  4:15  Supply Depot  
  52  4:16  Cyclone  
  58  4:17  SCV  
  58  4:20  SCV  
  60  4:29  SCV  
  61  4:32  Barracks Tech Lab, SCV  
  62  4:39  Supply Depot  
  62  4:41  SCV  
  62  4:43  Cyclone  
  62  4:44  SCV, Cyclone  
  68  4:48  Cyclone  
  70  4:53  Command Center  
  70  4:57  Supply Depot  
  70  5:00  SCV x2  
  70  5:02  Supply Depot, Marine  
  73  5:12  Supply Depot  
  73  5:13  SCV x2, Barracks  
  75  5:18  Refinery  
  75  5:21  Cyclone  
  75  5:23  Barracks  
  75  5:25  SCV, Cyclone  
  80  5:28  Cyclone  
  80  5:32  Supply Depot  
  80  5:34  Supply Depot  
  82  5:39  SCV, Refinery  
  82  5:41  Marine  
  82  5:51  SCV, Engineering Bay  
  82  5:52  Engineering Bay  
  82  5:53  SCV  
  82  5:58  Marine  
  82  5:59  Hellion  
  82  6:01  Hellion  
  82  6:04  SCV, Barracks Reactor  
  86  6:12  SCV  
  89  6:18  Barracks Reactor  
  84  6:24  Barracks  
Tags
 
Add a new tag
Caveats
  • Supply blocks, unpowered buildings, or Contaminate may cause inaccurate times.
  • Supply counts are checked every 10 seconds.